 Dungeon Crawl Stone Soup version 0.27-a0-1140-g099f9bb0e8 (webtiles) character file.

Game seed: 5580141692252881463

1472 Ijustatesigmund the Chopper (level 8, -1/60 HPs)
             Began as an Octopode Fighter on May 7, 2021.
             Slain by a scorpion (8 damage)
             ... on level 5 of the Dungeon on May 10, 2021.
             The game lasted 00:11:13 (7422 turns).

Ijustatesigmund the Chopper (Octopode Fighter)      Turns: 7422, Time: 00:11:16

Health: -1/60      AC:  1    Str: 15    XL:     8   Next: 78%
Magic:  0/8        EV: 12    Int: 11    God:
Gold:   165        SH:  0    Dex: 13    Spells: 7/7 levels left

rFire    . . .     SeeInvis .   a - +0 war axe
rCold    . . .     Faith    .   b - +0 kite shield
rNeg     . . .     Spirit   +   (helmet restricted)
rPois    .         Reflect  .   i - amulet of guardian spirit
rElec    .         Harm     .   (no ring)
rCorr    .         Rampage  .   (no ring)
Will     .....                  (no ring)
Stlth    ++........             (no ring)
HPRegen  0.20/turn              (no ring)
MPRegen  0.11/turn              (no ring)
                                (no ring)
                                (no ring)

@: confused, lethally poisoned (-1 -> -9)
A: almost no armour, amphibious, 8 rings, camouflage 1, gelatinous body 1,
(nimble swimmer 1), tentacles
a: no special abilities


You were on level 5 of the Dungeon.
You visited 2 branches of the dungeon, and saw 6 of its levels.

You collected 165 gold pieces.

Inventory:

Hand Weapons
 a - a +0 war axe (weapon)
 c - a +3 mace
Armour
 b - a +0 kite shield (worn)
Jewellery
 i - an amulet of guardian spirit (around mantle)
Wands
 m - a wand of acid (1)
 p - a wand of polymorph (11)
Scrolls
 g - a scroll of summoning
Potions
 d - a potion of flight
 f - 2 potions of heal wounds
 h - a potion of berserk rage
 j - a potion of might
 k - 3 potions of attraction
 l - a potion of lignification
 n - a potion of magic {unknown}


   Skills:
 + Level 7.0 Fighting
 + Level 7.7 Axes
 - Level 4.2 Dodging
 - Level 4.0 Shields


You had 7 spell levels left.
You didn't know any spells.
Your spell library contained the following spells:

 Spells                   Type           Power      Damage    Failure   Level
 Corona                   Hex            0%         N/A       82%         1
 Sting                    Tmut/Pois      0%         1d3       82%         1
 Poisonous Vapours        Pois/Air       0%         N/A       91%         2
 Slow                     Hex            0%         N/A       91%         2
 Confusing Touch          Hex            0%         N/A       99%         3
 Gell's Gravitas          Tloc           0%         N/A       99%         3
 Ignite Poison            Fire/Tmut/Pois 0%         N/A       99%         3
 Inner Flame              Hex/Fire       0%         N/A       99%         3
 Mephitic Cloud           Conj/Pois/Air  0%         N/A       99%         3
 Portal Projectile        Hex/Tloc       0%         N/A       99%         3
 Cause Fear               Hex            0%         N/A       100%        4
 Leda's Liquefaction      Hex/Erth       0%         N/A       100%        4
 Olgreb's Toxic Radiance  Pois           0%         N/A       100%        4
 Petrify                  Tmut/Erth      0%         N/A       100%        4
 Metabolic Englaciation   Hex/Ice        0%         N/A       100%        5
 Yara's Violent Unravell  Hex/Tmut       0%         3d3       100%        5


Dungeon Overview and Level Annotations

Branches:
Dungeon (5/15)             Temple (1/1) D:5

Altars:
Ashenzari
Cheibriados
Dithmenos
Elyvilon
Fedhas
Gozag
Hepliaklqana
Kikubaaqudgha
Makhleb
Nemelex Xobeh
Okawaru
Qazlal
Sif Muna
Uskayaw
Vehumet
Wu Jian
Xom
Yredelemnul
Zin
The Shining One

Annotations:
D:5 Blork the orc


Innate Abilities, Weirdness & Mutations

You cannot wear most types of armour.
You are amphibious.
You can wear up to eight rings at the same time.
Your skin changes colour to match your surroundings (Stealth+).
Your rubbery body absorbs attacks. (AC +1, EV +1)
((You are camouflaged near water. (Stealth+)))
You have tentacles for arms and can constrict up to eight enemies at once.


Message History

A scorpion comes into view.
The scorpion moves out of view.
A scorpion is nearby!
Things that are here:
a +0 club; 3 boomerangs The orc wizard shouts!
The orc wizard gestures at you while chanting.
The puff of flame hits you!
There is a stone staircase leading up here.
The orc wizard casts a spell at you.
You are confused.
The scorpion stings you. The scorpion closely misses you.
In your confused state, you trip and fall back down the stairs.
The scorpion stings you!
You are poisoned.
The scorpion poisons you! The orc wizard misses you.
Unknown command.
You feel sick. Blork the orc casts a spell at you. The magic dart hits you.
The scorpion stings you.
The orc wizard hits you with a +0 dagger.
In your confused state, you trip and fall back down the stairs.
You feel sick. The scorpion stings you.
You are more poisoned.
The scorpion poisons you!
The orc wizard hits you with a +0 dagger.
You feel very sick. The scorpion misses you.
The orc wizard hits you with a +0 dagger.
* * * LOW HITPOINT WARNING * * *
In your confused state, you trip and fall back down the stairs.
* * * LOW HITPOINT WARNING * * *
You feel sick. The scorpion closely misses you.
Blork the orc casts a spell at you. The magic dart hits you.
* * * LOW HITPOINT WARNING * * *
The orc wizard hits you with a +0 dagger.
* * * LOW HITPOINT WARNING * * *
The scorpion stings you!
You die...

############ ##.....##....
####### ##............
##.....###.............
..#.......##.............
..........>.#.............
.............#......>......
.........o@...o............
..........s..#.............
.............##............
............####.....#.....
.............# ######..####
.............####......#
...............##.#....# ##
##########.......).#....#....###.
........##.......).###..#....#...


You could see Blork the orc, a scorpion and an orc wizard.

Vanquished Creatures
  Sigmund (D:3)
  Menkaure (D:4)
  Duvessa (D:5)
  The ghost of BoliBoli the Digger, an amateur GrEE (D:3)
  An ice beast (D:4)
  A wyvern zombie (D:5)
  2 scorpions (D:5)
  Dowan (D:5)
  A howler monkey (D:5)
  2 bullfrog zombies (D:5)
  A gnoll shaman (D:5)
  2 hounds
  3 orc priests (D:5)
  Crazy Yiuf (D:5)
  Natasha (thrice) (D:2)
  2 orc wizards (D:5)
  A hound skeleton (D:5)
  Robin (D:4)
  6 gnolls
  3 adders
  4 river rats
  A white imp (D:3)
  A worm (D:2)
  A dart slug (D:1)
  12 orcs
  7 endoplasms
  A giant cockroach (D:3)
  17 goblins
  5 hobgoblins
  2 jackals (D:3)
  6 quokkas
  10 ball pythons
  5 bats
  3 frilled lizards
  5 kobolds
  5 rats
120 creatures vanquished.

Vanquished Creatures (collateral kills)
  A frilled lizard (D:2)
  A kobold (D:2)
2 creatures vanquished.

Vanquished Creatures (others)
  55 plants (D:5)
55 creatures vanquished.

Grand Total: 177 creatures vanquished

Notes
Turn   | Place    | Note
-------+----------+-------------------------------------------
     0 | D:1      | Ijustatesigmund the Octopode Fighter began the quest for
                  | the Orb.
     0 | D:1      | Reached XP level 1. HP: 16/16 MP: 1/1
   451 | D:1      | Reached XP level 2. HP: 21/21 MP: 2/2
  1421 | D:2      | Found a faded altar of an unknown god.
  1430 | D:2      | Reached XP level 3. HP: 24/26 MP: 3/3
  2458 | D:2      | Noticed Natasha
  2463 | D:2      | Killed Natasha
  2464 | D:2      | Reached XP level 4. HP: 26/33 MP: 4/4
  2480 | D:2      | Noticed Natasha
  2485 | D:2      | Killed Natasha
  2574 | D:2      | Noticed Natasha
  2581 | D:2      | Killed Natasha
  2951 | D:2      | Reached XP level 5. HP: 37/37 MP: 5/5
  3161 | D:3      | Found a runed translucent door.
  3163 | D:3      | Noticed BoliBoli's ghost (amateur GrEE)
  3178 | D:3      | Killed BoliBoli's ghost
  3179 | D:3      | Reached skill level 5 in Axes
  3401 | D:3      | Noticed Sigmund
  3420 | D:3      | Killed Sigmund
  3421 | D:3      | Reached XP level 6. HP: 17/45 MP: 6/6
  3870 | D:3      | Found a hazy altar of Hepliaklqana.
  4683 | D:4      | Noticed Robin
  4694 | D:4      | Killed Robin
  4877 | D:4      | Reached XP level 7. HP: 49/49 MP: 7/7
  5072 | D:4      | Noticed Menkaure
  5079 | D:4      | Killed Menkaure
  5080 | D:4      | Reached skill level 5 in Fighting
  5294 | D:4      | Upgraded the game from 0.27-a0-1139-g28e009f8a6 to
                  | 0.27-a0-1140-g099f9bb0e8
  5317 | D:5      | Entered Level 5 of the Dungeon
  6098 | D:5      | Reached XP level 8. HP: 56/56 MP: 8/8
  6289 | D:5      | Found Adefel's Distillery.
  6290 | D:5      | Found a staircase to the Ecumenical Temple.
  6308 | Temple   | Entered the Ecumenical Temple
  6752 | D:5      | Identified the +0 short sword of Lagualie {venom, Will+
                  | Dex+3 SInv}
  6783 | D:5      | Found a sparkling altar of Nemelex Xobeh.
  6796 | D:5      | Noticed Dowan
  6804 | D:5      | Killed Dowan
  6818 | D:5      | Noticed Duvessa
  6855 | D:5      | Killed Duvessa
  6999 | D:5      | Found a runed translucent door.
  7000 | D:5      | Noticed Crazy Yiuf
  7007 | D:5      | Killed Crazy Yiuf
  7175 | D:5      | Noticed Blork the orc
  7422 | D:5      | Slain by a scorpion

Illustrated notes

Levels and vault maps discovered:
D:1:      minmay_arrival_loop, layout_loops_corners,
          minmay_misc_feat_four_crosses
D:2:      layout_basic, ebering_ecumenical_altar_sacrificial, st_stairs_4,
          minmay_misc_feat_enclosed, uniq_natasha
D:3:      layout_loops_cross, nicolae_hepliaklqana_hippocampus,
          hellmonk_ghost_happy_afterlife, uniq_sigmund
D:4:      layout_basic, uniq_menkaure, uniq_robin
D:5:      wad_woods_stonehenge, layout_rooms, nicolae_ru_awakened_eye,
          minmay_temple_entry_proselytizer, serial_shops, shop_fountains,
          nrook_loot_triangle, uniq_blork_the_orc, uniq_crazy_yiuf_cottage,
          uniq_duvessa
Temple:   eino_narrow_crystal_temple

Skill      XL: |  1  2  3  4  5  6  7  8 |
---------------+-------------------------+-----
Axes           | 3 4 5 6 7 |  7.7
Fighting       | 4 5 7 |  7.0
Shields        | 4 |  4.0
Dodging        | 4 |  4.2

Action                   |  1- 3 |  4- 6 |  7- 9 || total
-------------------------+-------+-------+-------++-------
Melee: War axe           |    53 |    85 |   112 ||   250
       Constrict         |    13 |    20 |    31 ||    64
       Tentacles         |     9 |     9 |    22 ||    40
Evoke: Wand              |       |       |     6 ||     6
  Use: Scroll            |     4 |     3 |     5 ||    12
       Potion            |       |     5 |     6 ||    11
 Stab: Sleeping          |     5 |    13 |     2 ||    20
       Distracted        |       |       |     1 ||     1
Armor: Skin              |     3 |     4 |     4 ||    11
Dodge: Dodged            |    29 |    38 |    69 ||   136
Block: Kite shield       |    21 |    30 |    53 ||   104

Table legend: (Time is in decaauts)
 A = Elapsed time spent in this place.
 B = Non-inter-level travel time spent in this place.
 C = Inter-level travel time spent in this place.
 D = Time resting spent in this place.
 E = Time spent auto-exploring this place.
 F = Levels seen in this place.
 G = Mean time per level.
                   A        B        C        D        E       F      G
               +--------+--------+--------+--------+--------+-----+--------+
         Total |   7484 |   7367 |    117 |   2136 |   4286 |   6 | 1247.3 |
       Dungeon |   7291 |   7189 |    102 |   2136 |   4111 |   5 | 1458.2 |
        Temple |    192 |    178 |     14 |      0 |    175 |   1 |  192.0 |
               +--------+--------+--------+--------+--------+-----+--------+

Top non-repeatable levels by time:
     D:2: 1776 daAuts
     D:4: 1693 daAuts
     D:1: 1390 daAuts
     D:3: 1271 daAuts
     D:5: 1159 daAuts
  Temple: 192 daAuts
